Workbook

Sheet Macro-commandes
A1: =#REF! -> #REF! | C1: Administration communale de:
A3: Gestion informatique du document. | B3: Commandes :
A5: Cliquez sur la commande>>>
C7: Enregistré

Sheet Coordonnées
A1: Synthèse du Budget | G1: Administration communale de Rouvroy | U1: Code INS | V1: 85047
U2: Exercice: | V2: =R27 -> 2025
A3: Modèle officiel généré par l'application eComptes © SPW Intérieur et Action Sociale | U3: Version: | V3: 2
G7: S Y N T H È S E du B U D G E T_x000D_ I N I T I A L
G11: Module informatisé de publication des budgets annuels
C17: Administration communale de : | J17: ROUVROY
C19: Adresse de l'administration: | J19: Rue du 8 Septembre 41
J20: 6767 ROUVROY
J21: www.rouvroy.be
C23: Date d’arrêt du budget par le conseil: | J23: 17/12/2024
C25: Date d'approbation de la Tutelle: | J25: 20/01/2025
C27: Type document: | J27: Budget | O27: Exercice: | R27: 2025
C29: Directeur Général: | J29: EDITH GOBLET
C30: Tél: | J30: 063588660
C31: Fax: | J31: 063588673
C32: Email: | J32: edith.goblet@rouvroy.be
C34: Directeur Financier: | J34: FRANCOIS GILLET
C35: Tél: | J35: 063588666
C36: Fax: | J36: 063588673
C37: Email: | J37: receveur@rouvroy.be

Sheet Résultats
A1: Synthèse des Comptes | G1: =Coordonnées!G1 -> Administration communale de Rouvroy | W1: =Coordonnées!$U$1 -> Code INS | X1: =Coordonnées!V1 -> 85047
W2: =Coordonnées!$U$2 -> Exercice: | X2: =Coordonnées!V2 -> 2025
A3: Modèle officiel généré par l'application eComptes © SPW Intérieur et Action Sociale | W3: =Coordonnées!$U$3 -> Version: | X3: =Coordonnées!V3 -> 2
H6: Evolution du résultat budgétaire ordinaire
H7: =Coordonnées!$J$27 -> Budget | K7: =Coordonnées!$J$27 -> Budget | N7: =Coordonnées!$J$27 -> Budget | Q7: =Coordonnées!$J$27 -> Budget | T7: =Coordonnées!$J$27 -> Budget
A8: Exercices: | H8: =K8-1 -> 2021 | K8: =N8-1 -> 2022 | N8: =Q8-1 -> 2023 | Q8: =T8-1 -> 2024 | T8: =X2 -> 2025
A9: Résultats Exercice Propre* | H9: ='Ordinaire GE'!H26-'Ordinaire GE'!H15 -> 70457.39 | K9: ='Ordinaire GE'!K26-'Ordinaire GE'!K15 -> 541.08 | N9: ='Ordinaire GE'!N26-'Ordinaire GE'!N15 -> 0 | Q9: ='Ordinaire GE'!Q26-'Ordinaire GE'!Q15 -> 21939.07 | T9: ='Ordinaire GE'!T26-'Ordinaire GE'!T15 -> 15601.7
A10: Résultat global* (avec exercices antérieurs et prélèvements) | H10: ='Ordinaire GE'!H29-'Ordinaire GE'!H18 -> 607113.46 | K10: ='Ordinaire GE'!K29-'Ordinaire GE'!K18 -> 734794.51 | N10: ='Ordinaire GE'!N29-'Ordinaire GE'!N18 -> 79905.13 | Q10: ='Ordinaire GE'!Q29-'Ordinaire GE'!Q18 -> 38382.74 | T10: ='Ordinaire GE'!T29-'Ordinaire GE'!T18 -> 74714.9
A11: * Montant arrondi à l'euro

Sheet Ordinaire GE
A1: Synthèse des Comptes | G1: =Coordonnées!G1 -> Administration communale de Rouvroy | W1: =Coordonnées!$U$1 -> Code INS | X1: =Coordonnées!V1 -> 85047
W2: =Coordonnées!$U$2 -> Exercice: | X2: =Coordonnées!V2 -> 2025
A3: Modèle officiel généré par l'application eComptes © SPW Intérieur et Action Sociale | W3: =Coordonnées!$U$3 -> Version: | X3: =Coordonnées!V3 -> 2
H6: Ventilation économique des dépenses et des recettes ordinaires
H7: =Coordonnées!$J$27 -> Budget | K7: =Coordonnées!$J$27 -> Budget | N7: =Coordonnées!$J$27 -> Budget | Q7: =Coordonnées!$J$27 -> Budget | T7: =Coordonnées!$J$27 -> Budget
H8: Dépenses ordinaires (Prévisions)
A9: Exercices: | H9: =K9-1 -> 2021 | K9: =N9-1 -> 2022 | N9: =Q9-1 -> 2023 | Q9: =T9-1 -> 2024 | T9: =X2 -> 2025
A10: Personnel | H10: 1808431.6 | I10: 5512664.3 | J10: 5512664.3 | K10: 1853659.5 | L10: 5512664.3 | M10: 5512664.3 | N10: 2320530.3 | O10: 5512664.3 | P10: 5512664.3 | Q10: 2512465.2 | R10: 5512664.3 | S10: 5512664.3 | T10: 2500843.5 | U10: 5512664.3 | V10: 5512664.3
A11: Fonctionnement | H11: 1552585.6 | I11: 2726342.7 | J11: 2726342.7 | K11: 1721415 | L11: 2726342.7 | M11: 2726342.7 | N11: 1568189.3 | O11: 2726342.7 | P11: 2726342.7 | Q11: 1636015.2 | R11: 2726342.7 | S11: 2726342.7 | T11: 1674403 | U11: 2726342.7 | V11: 2726342.7
A12: Transferts | H12: 1944023.2 | I12: 4264832 | J12: 4264832 | K12: 1873204.2 | L12: 4264832 | M12: 4264832 | N12: 2107405.5 | O12: 4264832 | P12: 4264832 | Q12: 2255947.2 | R12: 4264832 | S12: 4264832 | T12: 2353349.8 | U12: 4264832 | V12: 4264832
A13: Dette | H13: 93120.92 | I13: 41563.69 | J13: 41563.69 | K13: 102241.62 | L13: 41563.69 | M13: 41563.69 | N13: 85581.85 | O13: 41563.69 | P13: 41563.69 | Q13: 104411.62 | R13: 41563.69 | S13: 41563.69 | T13: 123496.8 | U13: 41563.69 | V13: 41563.69
A14: Prélèvements (hors 060) | H14: 0 | I14: 0 | J14: 0 | K14: 0 | L14: 0 | M14: 0 | N14: 0 | O14: 0 | P14: 0 | Q14: 0 | R14: 0 | S14: 0 | T14: 0 | U14: 0 | V14: 0
A15: Total (exercice propre)* | H15: =SUM(H10:H14) -> 5398161.3 | K15: =SUM(K10:K14) -> 5550520.3 | N15: =SUM(N10:N14) -> 6081706.9 | Q15: =SUM(Q10:Q14) -> 6508839.2 | T15: =SUM(T10:T14) -> 6652093.1
A16: Exercices antérieurs | H16: 22814.51 | I16: 1521059 | J16: 2351270.7 | K16: 18203.43 | L16: 1659060.8 | M16: 1521059 | N16: 3359.72 | O16: 2230351.9 | P16: 1659060.8 | Q16: 44373.56 | R16: 2351270.7 | S16: 2230351.9 | T16: 21617.43 | U16: 2351270.7 | V16: 2230351.9
A17: Prélèvements | H17: 0 | I17: 1192323.5 | J17: 824300.6 | K17: 277618.01 | L17: 4295659.9 | M17: 1192323.5 | N17: 500000 | O17: 1045347.1 | P17: 4295659.9 | Q17: 542387.12 | R17: 824300.6 | S17: 1045347.1 | T17: 0 | U17: 824300.6 | V17: 1045347.1
A18: Total général* | H18: =SUM(H15:H17) -> 5420975.8 | K18: =SUM(K15:K17) -> 5846341.8 | N18: =SUM(N15:N17) -> 6585066.6 | Q18: =SUM(Q15:Q17) -> 7095599.9 | T18: =SUM(T15:T17) -> 6673710.5
A19: * Montant arrondi à l'euro
H20: Recettes ordinaires (Prévisions)
A21: Exercices: | H21: =K21-1 -> 2021 | K21: =N21-1 -> 2022 | N21: =Q21-1 -> 2023 | Q21: =T21-1 -> 2024 | T21: =X2 -> 2025
A22: Prestation | H22: 886585.39 | I22: 373432.17 | J22: 697745.74 | K22: 987285.39 | L22: 373432.17 | M22: 697745.74 | N22: 1121770 | O22: 373432.17 | P22: 697745.74 | Q22: 1154392.8 | R22: 373432.17 | S22: 697745.74 | T22: 1205779.6 | U22: 373432.17 | V22: 697745.74
A23: Transferts | H23: 4541540.4 | I23: 12728583 | J23: 13240575 | K23: 4443229.2 | L23: 12728583 | M23: 13240575 | N23: 4690140.2 | O23: 12728583 | P23: 13240575 | Q23: 5171629.1 | R23: 12728583 | S23: 13240575 | T23: 5231278.6 | U23: 12728583 | V23: 13240575
A24: Dette | H24: 40492.92 | I24: 548784.99 | J24: 408005.67 | K24: 40690.54 | L24: 548784.99 | M24: 408005.67 | N24: 46383.12 | O24: 548784.99 | P24: 408005.67 | Q24: 125956.28 | R24: 548784.99 | S24: 408005.67 | T24: 137236.5 | U24: 548784.99 | V24: 408005.67
A25: Prélèvements | H25: 0 | I25: 0 | J25: 0 | K25: 79856.24 | L25: 0 | M25: 0 | N25: 223413.52 | O25: 0 | P25: 0 | Q25: 78800 | R25: 0 | S25: 0 | T25: 93400 | U25: 0 | V25: 0
A26: Total (exercice propre)* | H26: =SUM(H22:H25) -> 5468618.7 | K26: =SUM(K22:K25) -> 5551061.4 | N26: =SUM(N22:N25) -> 6081706.9 | Q26: =SUM(Q22:Q25) -> 6530778.3 | T26: =SUM(T22:T25) -> 6667694.8
A27: Exercices antérieurs | H27: 559470.58 | I27: 6001218.3 | J27: 5811470.1 | K27: 1030074.9 | L27: 6001218.3 | M27: 5811470.1 | N27: 583264.85 | O27: 6001218.3 | P27: 5811470.1 | Q27: 603204.35 | R27: 6001218.3 | S27: 5811470.1 | T27: 80730.63 | U27: 6001218.3 | V27: 5811470.1
A28: Prélèvements | H28: 0 | I28: 0 | J28: 0 | K28: 0 | L28: 0 | M28: 0 | N28: 0 | O28: 0 | P28: 0 | Q28: 0 | R28: 0 | S28: 0 | T28: 0 | U28: 0 | V28: 0
A29: Total général* | H29: =SUM(H26:H28) -> 6028089.3 | K29: =SUM(K26:K28) -> 6581136.3 | N29: =SUM(N26:N28) -> 6664971.7 | Q29: =SUM(Q26:Q28) -> 7133982.6 | T29: =SUM(T26:T28) -> 6748425.4
A30: * Montant arrondi à l'euro

Sheet Extraordinaire GE
A1: Synthèse des Comptes | G1: =Coordonnées!G1 -> Administration communale de Rouvroy | W1: =Coordonnées!$U$1 -> Code INS | X1: =Coordonnées!$V$1 -> 85047
W2: =Coordonnées!$U$2 -> Exercice: | X2: =Coordonnées!$V$2 -> 2025
A3: Modèle officiel généré par l'application eComptes © SPW Intérieur et Action Sociale | W3: =Coordonnées!$U$3 -> Version: | X3: =Coordonnées!$V$3 -> 2
H6: Ventilation économique des dépenses et des recettes extraordinaires
H7: =Coordonnées!$J$27 -> Budget | K7: =Coordonnées!$J$27 -> Budget | N7: =Coordonnées!$J$27 -> Budget | Q7: =Coordonnées!$J$27 -> Budget | T7: =Coordonnées!$J$27 -> Budget
H8: Dépenses extraordinaires (Prévisions)
A9: Exercices: | H9: =K9-1 -> 2021 | K9: =N9-1 -> 2022 | N9: =Q9-1 -> 2023 | Q9: =T9-1 -> 2024 | T9: =X2 -> 2025
A10: Transferts | H10: 81492 | I10: 5512664.3 | J10: 5512664.3 | K10: 100245 | L10: 5512664.3 | M10: 5512664.3 | N10: 19730.64 | O10: 5512664.3 | P10: 5512664.3 | Q10: 0 | R10: 5512664.3 | S10: 5512664.3 | T10: 13103 | U10: 5512664.3 | V10: 5512664.3
A11: Investissements | H11: 3062617.1 | I11: 2726342.7 | J11: 2726342.7 | K11: 5204188.8 | L11: 2726342.7 | M11: 2726342.7 | N11: 2309533.2 | O11: 2726342.7 | P11: 2726342.7 | Q11: 4580747.7 | R11: 2726342.7 | S11: 2726342.7 | T11: 3827940 | U11: 2726342.7 | V11: 2726342.7
A12: Dette | H12: 18450 | I12: 4264832 | J12: 4264832 | K12: 0 | L12: 4264832 | M12: 4264832 | N12: 0 | O12: 4264832 | P12: 4264832 | Q12: 0 | R12: 4264832 | S12: 4264832 | T12: 0 | U12: 4264832 | V12: 4264832
A13: Prélèvements | H13: 0 | I13: 41563.69 | J13: 41563.69 | K13: 0 | L13: 41563.69 | M13: 41563.69 | N13: 0 | O13: 41563.69 | P13: 41563.69 | Q13: 0 | R13: 41563.69 | S13: 41563.69 | T13: 0 | U13: 41563.69 | V13: 41563.69
H14: 0 | I14: 0 | J14: 0 | K14: 0 | L14: 0 | M14: 0 | N14: 0 | O14: 0 | P14: 0 | Q14: 0 | R14: 0 | S14: 0 | T14: 0 | U14: 0 | V14: 0
A15: Total (exercice propre)* | H15: =SUM(H10:H14) -> 3162559.1 | K15: =SUM(K10:K14) -> 5304433.8 | N15: =SUM(N10:N14) -> 2329263.8 | Q15: =SUM(Q10:Q14) -> 4580747.7 | T15: =SUM(T10:T14) -> 3841043
A16: Exercices antérieurs | H16: 484229.83 | I16: 1521059 | J16: 2351270.7 | K16: 21000 | L16: 1659060.8 | M16: 1521059 | N16: 389548.7 | O16: 2230351.9 | P16: 1659060.8 | Q16: 172257.97 | R16: 2351270.7 | S16: 2230351.9 | T16: 163393.92 | U16: 2351270.7 | V16: 2230351.9
A17: Prélèvements | H17: 130000 | I17: 1192323.5 | J17: 824300.6 | K17: 130000 | L17: 4295659.9 | M17: 1192323.5 | N17: 250000 | O17: 1045347.1 | P17: 4295659.9 | Q17: 630000 | R17: 824300.6 | S17: 1045347.1 | T17: 750000 | U17: 824300.6 | V17: 1045347.1
A18: Total général* | H18: =SUM(H15:H17) -> 3776789 | K18: =SUM(K15:K17) -> 5455433.8 | N18: =SUM(N15:N17) -> 2968812.5 | Q18: =SUM(Q15:Q17) -> 5383005.7 | T18: =SUM(T15:T17) -> 4754436.9
A19: * Montant arrondi à l'euro
H20: Recettes extraordinaires (Prévisions)
A21: Exercices: | H21: =K21-1 -> 2021 | K21: =N21-1 -> 2022 | N21: =Q21-1 -> 2023 | Q21: =T21-1 -> 2024 | T21: =X2 -> 2025
A22: Transferts | H22: 1455635.7 | I22: 373432.17 | J22: 697745.74 | K22: 2093263.1 | L22: 365967.42 | M22: 373432.17 | N22: 735468.03 | O22: 414709.37 | P22: 365967.42 | Q22: 490167.28 | R22: 697745.74 | S22: 414709.37 | T22: 514800.75 | U22: 557211.56 | V22: 577850.16
A23: Investissements | H23: 130000 | I23: 12728583 | J23: 13240575 | K23: 130000 | L23: 12120372 | M23: 12728583 | N23: 0 | O23: 12941518 | P23: 12120372 | Q23: 130000 | R23: 13240575 | S23: 12941518 | T23: 0 | U23: 13289627 | V23: 13396094
A24: Dette | H24: 0 | I24: 548784.99 | J24: 408005.67 | K24: 0 | L24: 536819.05 | M24: 548784.99 | N24: 250000 | O24: 344975.81 | P24: 536819.05 | Q24: 1500000 | R24: 408005.67 | S24: 344975.81 | T24: 2750000 | U24: 128208.39 | V24: 26303.797
A25: Prélèvements | H25: 0 | I25: 0 | J25: 0 | K25: 0 | L25: 0 | M25: 0 | N25: 0 | O25: 0 | P25: 0 | Q25: 0 | R25: 0 | S25: 0 | T25: 0 | U25: 0 | V25: 0
A26: Total (exercice propre)* | H26: =SUM(H22:H25) -> 1585635.7 | K26: =SUM(K22:K25) -> 2223263.1 | N26: =SUM(N22:N25) -> 985468.03 | Q26: =SUM(Q22:Q25) -> 2120167.3 | T26: =SUM(T22:T25) -> 3264800.8
A27: Exercices antérieurs | H27: 0 | K27: 0 | L27: 10122962 | M27: 6628334.6 | N27: 0 | O27: 6248838.2 | P27: 10122962 | Q27: 0 | R27: 6834216 | S27: 6248838.2 | T27: 0 | U27: 6001218.3 | V27: 5811470.1
A28: Prélèvements | H28: 2191153.3 | I28: 0 | J28: 0 | K28: 3232170.7 | L28: 0 | M28: 0 | N28: 1983344.5 | O28: 0 | P28: 0 | Q28: 3262838.4 | R28: 0 | S28: 0 | T28: 1489636.1 | U28: 0 | V28: 0
A29: Total général* | H29: =SUM(H26:H28) -> 3776789 | K29: =SUM(K26:K28) -> 5455433.8 | N29: =SUM(N26:N28) -> 2968812.5 | Q29: =SUM(Q26:Q28) -> 5383005.7 | T29: =SUM(T26:T28) -> 4754436.9
A30: * Montant arrondi à l'euro

Sheet DO fonctions
A1: =Coordonnées!A1 -> Synthèse du Budget | E1: =Coordonnées!G1 -> Administration communale de Rouvroy | I1: =Coordonnées!$U$1 -> Code INS | J1: =Coordonnées!$V$1 -> 85047
I2: =Coordonnées!$U$2 -> Exercice: | J2: =Coordonnées!$V$2 -> 2025
A3: =Coordonnées!A3 -> Modèle officiel généré par l'application eComptes © SPW Intérieur et Action Sociale | I3: =Coordonnées!$U$3 -> Version: | J3: =Coordonnées!$V$3 -> 2
E4: Ventilation fonctionnelle
E5: Evolution des dépenses ordinaires (exercice propre)
E6: =Coordonnées!$J$27 -> Budget | F6: =Coordonnées!$J$27 -> Budget | G6: =Coordonnées!$J$27 -> Budget | H6: =Coordonnées!$J$27 -> Budget | I6: =Coordonnées!$J$27 -> Budget
E7: =F7-1 -> 2021 | F7: =G7-1 -> 2022 | G7: =H7-1 -> 2023 | H7: =I7-1 -> 2024 | I7: =J2 -> 2025
A8: 0 Recettes et dépenses générales | E8: 62250 | F8: 350332.65 | G8: 556964.64 | H8: 596654.58 | I8: 48464.64
A9: 1 Administration générale | E9: 1089522.4 | F9: 1197925.6 | G9: 1459188.6 | H9: 1711557 | I9: 1694470.5
A10: 3 Sécurité | E10: 387886.95 | F10: 384197.14 | G10: 396105.92 | H10: 410774.9 | I10: 414902.03
A11: 4 Voiries-communications | E11: 872878.31 | F11: 928003.5 | G11: 816585.41 | H11: 764544.39 | I11: 744595.26
A12: 5 Industrie - commerce | E12: 81245 | F12: 87305.34 | G12: 88615 | H12: 96515 | I12: 89965
A13: 6 Sylviculture- Agriculture | E13: 143817.11 | F13: 148851.68 | G13: 160963.55 | H13: 152746.62 | I13: 150001.16
A14: 70>75 Enseignement | E14: 303268.12 | F14: 352718.83 | G14: 370430.55 | H14: 418765.42 | I14: 407452.05
A15: 76>77 Culture et sports | E15: 907724.57 | F15: 913102.51 | G15: 1048743.6 | H15: 1004442.8 | I15: 1119011.4
A16: 78 Radio, télévision, presse | E16: 0 | F16: 0 | G16: 0 | H16: 0 | I16: 0
A17: 79 Culte | E17: 22616.65 | F17: 26786.8 | G17: 32128.59 | H17: 28284.52 | I17: 32995.39
A18: 80>86 Action Sociale | E18: 835050.4 | F18: 729636.28 | G18: 886263.32 | H18: 1023330.9 | I18: 1040832.9
A19: 87 Santé publique et hygiène | E19: 657801.81 | F19: 667177.96 | G19: 707117.75 | H19: 775982.89 | I19: 852025.51
... A21: 93 Aménagement du territoire | E21: 0 | F21: 0 | G21: 0 | H21: 0 | I21: 0

Sheet RO fonctions
A1: =Coordonnées!A1 -> Synthèse du Budget | E1: =Coordonnées!G1 -> Administration communale de Rouvroy | I1: =Coordonnées!$U$1 -> Code INS | J1: =Coordonnées!$V$1 -> 85047
I2: =Coordonnées!$U$2 -> Exercice: | J2: =Coordonnées!$V$2 -> 2025
A3: =Coordonnées!A3 -> Modèle officiel généré par l'application eComptes © SPW Intérieur et Action Sociale | I3: =Coordonnées!$U$3 -> Version: | J3: =Coordonnées!$V$3 -> 2
E4: Ventilation fonctionnelle
E5: Evolution des recettes ordinaires (exercice propre)
E6: =Coordonnées!$J$27 -> Budget | F6: =Coordonnées!$J$27 -> Budget | G6: =Coordonnées!$J$27 -> Budget | H6: =Coordonnées!$J$27 -> Budget | I6: =Coordonnées!$J$27 -> Budget
E7: =F7-1 -> 2021 | F7: =G7-1 -> 2022 | G7: =H7-1 -> 2023 | H7: =I7-1 -> 2024 | I7: =J2 -> 2025
A8: 0 Recettes et dépenses générales | E8: 4733379.6 | F8: 5251250.9 | G8: 5056922.2 | H8: 5601501 | I8: 5082230.6
A9: 1 Administration générale | E9: 69730.79 | F9: 36230.79 | G9: 72414.53 | H9: 79733.89 | I9: 46483.1
A10: 3 Sécurité | E10: 8800 | F10: 9000 | G10: 117710.38 | H10: 0 | I10: 3000
A11: 4 Voiries-communications | E11: 21976.92 | F11: 15116.94 | G11: 8218 | H11: 1400 | I11: 1400
A12: 5 Industrie - commerce | E12: 52692.92 | F12: 47890.54 | G12: 49333.12 | H12: 49719.78 | I12: 43000
A13: 6 Sylviculture- Agriculture | E13: 52512.39 | F13: 62512.39 | G13: 171486.42 | H13: 190337.09 | I13: 220023.89
A14: 70>75 Enseignement | E14: 146910.02 | F14: 176095.73 | G14: 170759 | H14: 198041.4 | I14: 191441.4
A15: 76>77 Culture et sports | E15: 399590.08 | F15: 399380.75 | G15: 387881.05 | H15: 389424.71 | I15: 409863.78
A16: 78 Radio, télévision, presse | E16: 6000 | F16: 8000 | G16: 8000 | H16: 6000 | I16: 6000
A17: 79 Culte | E17: 0 | F17: 0 | G17: 0 | H17: 0 | I17: 0
A18: 80>86 Action Sociale | E18: 102161.08 | F18: 89502.43 | G18: 108160.29 | H18: 87986.56 | I18: 102232.67
A19: 87 Santé publique et hygiène | E19: 401835.54 | F19: 448655.79 | G19: 472650 | H19: 472338.23 | I19: 582750
... A21: 93 Aménagement du territoire | E21: 0 | F21: 0 | G21: 0 | H21: 0 | I21: 0

Sheet DE fonctions
A1: =Coordonnées!A1 -> Synthèse du Budget | E1: =Coordonnées!G1 -> Administration communale de Rouvroy | I1: =Coordonnées!$U$1 -> Code INS | J1: =Coordonnées!$V$1 -> 85047
I2: =Coordonnées!$U$2 -> Exercice: | J2: =Coordonnées!$V$2 -> 2025
A3: =Coordonnées!A3 -> Modèle officiel généré par l'application eComptes © SPW Intérieur et Action Sociale | I3: =Coordonnées!$U$3 -> Version: | J3: =Coordonnées!$V$3 -> 2
E4: Ventilation fonctionnelle
E5: Evolution des dépenses extraordinaires (exercice propre)
E6: =Coordonnées!$J$27 -> Budget | F6: =Coordonnées!$J$27 -> Budget | G6: =Coordonnées!$J$27 -> Budget | H6: =Coordonnées!$J$27 -> Budget | I6: =Coordonnées!$J$27 -> Budget
E7: =F7-1 -> 2021 | F7: =G7-1 -> 2022 | G7: =H7-1 -> 2023 | H7: =I7-1 -> 2024 | I7: =J2 -> 2025
A8: 0 Recettes et dépenses générales | E8: 130000 | F8: 130000 | G8: 250000 | H8: 630000 | I8: 750000
A9: 1 Administration générale | E9: 233000 | F9: 367853 | G9: 219000 | H9: 140000 | I9: 99603
A10: 3 Sécurité | E10: 0 | F10: 0 | G10: 0 | H10: 0 | I10: 0
A11: 4 Voiries-communications | E11: 1633970 | F11: 1969561.2 | G11: 867806.94 | H11: 1100948 | I11: 1220439.9
A12: 5 Industrie - commerce | E12: 0 | F12: 0 | G12: 0 | H12: 0 | I12: 8000
A13: 6 Sylviculture- Agriculture | E13: 36500 | F13: 233730.55 | G13: 336828.19 | H13: 64901.7 | I13: 98000
A14: 70>75 Enseignement | E14: 87500 | F14: 126500 | G14: 12000 | H14: 43000 | I14: 22000
A15: 76>77 Culture et sports | E15: 991889.1 | F15: 1973789 | G15: 600898.04 | H15: 1043398 | I15: 0
A16: 78 Radio, télévision, presse | E16: 0 | F16: 0 | G16: 0 | H16: 0 | I16: 0
A17: 79 Culte | E17: 0 | F17: 0 | G17: 0 | H17: 0 | I17: 100000
A18: 80>86 Action Sociale | E18: 0 | F18: 14500 | G18: 16000 | H18: 2500 | I18: 0
A19: 87 Santé publique et hygiène | E19: 89700 | F19: 406500 | G19: 148730.64 | H19: 2086000 | I19: 2293000
... A21: 93 Aménagement du territoire | E21: 0 | F21: 0 | G21: 0 | H21: 0 | I21: 0

Sheet RE fonctions
A1: =Coordonnées!A1 -> Synthèse du Budget | E1: =Coordonnées!G1 -> Administration communale de Rouvroy | I1: =Coordonnées!$U$1 -> Code INS | J1: =Coordonnées!$V$1 -> 85047
I2: =Coordonnées!$U$2 -> Exercice: | J2: =Coordonnées!$V$2 -> 2025
A3: =Coordonnées!A3 -> Modèle officiel généré par l'application eComptes © SPW Intérieur et Action Sociale | I3: =Coordonnées!$U$3 -> Version: | J3: =Coordonnées!$V$3 -> 2
E4: Ventilation fonctionnelle
E5: Evolution des recettes extraordinaires (exercice propre)
E6: =Coordonnées!$J$27 -> Budget | F6: =Coordonnées!$J$27 -> Budget | G6: =Coordonnées!$J$27 -> Budget | H6: =Coordonnées!$J$27 -> Budget | I6: =Coordonnées!$J$27 -> Budget
E7: =F7-1 -> 2021 | F7: =G7-1 -> 2022 | G7: =H7-1 -> 2023 | H7: =I7-1 -> 2024 | I7: =J2 -> 2025
A8: 0 Recettes et dépenses générales | E8: 2191153.3 | F8: 3232170.7 | G8: 2233344.5 | H8: 3762838.4 | I8: 2239636.1
A9: 1 Administration générale | E9: 0 | F9: 13434 | G9: 56000 | H9: 0 | I9: 0
A10: 3 Sécurité | E10: 0 | F10: 0 | G10: 0 | H10: 0 | I10: 0
A11: 4 Voiries-communications | E11: 727318.43 | F11: 726964.99 | G11: 333800.75 | H11: 180000 | I11: 489800.75
A12: 5 Industrie - commerce | E12: 50000 | F12: 50000 | G12: 0 | H12: 50000 | I12: 0
A13: 6 Sylviculture- Agriculture | E13: 0 | F13: 0 | G13: 0 | H13: 0 | I13: 0
A14: 70>75 Enseignement | E14: 0 | F14: 0 | G14: 0 | H14: 0 | I14: 0
A15: 76>77 Culture et sports | E15: 728317.28 | F15: 1352864.1 | G15: 345667.28 | H15: 285167.28 | I15: 0
A16: 78 Radio, télévision, presse | E16: 0 | F16: 0 | G16: 0 | H16: 0 | I16: 0
A17: 79 Culte | E17: 0 | F17: 0 | G17: 0 | H17: 0 | I17: 0
A18: 80>86 Action Sociale | E18: 0 | F18: 0 | G18: 0 | H18: 0 | I18: 0
A19: 87 Santé publique et hygiène | E19: 0 | F19: 0 | G19: 0 | H19: 1025000 | I19: 2025000
... A21: 93 Aménagement du territoire | E21: 0 | F21: 0 | G21: 0 | H21: 0 | I21: 0

Sheet Commentaires
A1: Synthèse des Comptes | G1: =Coordonnées!G1 -> Administration communale de Rouvroy | X1: =Coordonnées!$U$1 -> Code INS | Y1: =Coordonnées!$V$1 -> 85047
X2: =Coordonnées!$U$2 -> Exercice: | Y2: =Coordonnées!$V$2 -> 2025
A3: Modèle officiel généré par l'application eComptes © SPW Intérieur et Action Sociale | X3: =Coordonnées!$U$3 -> Version: | Y3: =Coordonnées!$V$3 -> 2
A6: Commentaires

Sheet Glossaire
A1: =Coordonnées!A1 -> Synthèse du Budget | G1: =Coordonnées!G1 -> Administration communale de Rouvroy | X1: =Coordonnées!$U$1 -> Code INS | Y1: =Coordonnées!$V$1 -> 85047
X2: =Coordonnées!$U$2 -> Exercice: | Y2: =Coordonnées!$V$2 -> 2025
A3: =Coordonnées!A3 -> Modèle officiel généré par l'application eComptes © SPW Intérieur et Action Sociale | X3: =Coordonnées!$U$3 -> Version: | Y3: =Coordonnées!$V$3 -> 2
A6: Glossaire
A8: Termes | F8: Définitions:
A9: Exercice propre | F9: L'exercice du document allant du 1er janvier au 31 décembre
A10: Exercices antérieurs | F10: Les opérations antérieures à l'exercice propre
A11: Résultat global | F11: Le boni ou le mali de l'exercice propre cumulé avec celui des exercices antérieurs
A12: Dépenses de transfert | F12: Dépenses effectuées à destination de tiers à la commune (d'autres institutions, organismes, ménages ..)
A13: Recettes de transfert | F13: Recettes en provenance de tiers ( subsides, taxes, … )
A14: Recettes de prestation | F14: Recettes découlant de services payants rendus par la commune, de locations, de droits d'entrée …
A15: Dépenses de prélèvements | F15: Sommes prélevées sur les excédents budgétaires par la commune pour alimenter des fonds de réserves ordinaires ou extraordinaires (pour financer des dépenses d'investissement sur fonds propres ) ou des provisions ( pour faire face à des charges futures importantes )
A16: Recettes de prélèvements | F16: Utilisation des fonds de réserve et des provisions (constitués au moyen des dépenses de prélèvement)
A17: Ordinaire | F17: Les recettes et dépenses nécessaires au fonctionnement de la commune (taxes, subventions , salaires,électricité,fournitures,…)
A18: Extraordinaire | F18: Les dépenses et leurs moyens de financement afférentes aux investissements ( travaux importants, rénovations, achat de matériel et de véhicules etc … )
